 Dungeon Crawl Stone Soup version 0.19.5 (webtiles) character file.

120 Trixie the Conjurer (level 4, -2/24 HPs)
             Began as a Deep Elf Fire Elementalist on Mar 16, 2017.
             Slain by Lizzreth's ghost (6 damage)
             ... on level 3 of the Dungeon.
             The game lasted 00:03:32 (1853 turns).

Trixie the Conjurer (Deep Elf Fire Elementalist)    Turns: 1853, Time: 00:03:33

Health: -2/24      AC:  2    Str:  5    XL:     4   Next: 75%
Magic:  11/11      EV: 13    Int: 21    God:
Gold:   142        SH:  0    Dex: 15    Spells: 1 memorised, 9 levels left

rFire  + . .     SeeInvis .     (no weapon)
rCold  . . .     Gourm    .     a - +0 robe
rNeg   . . .     Faith    .     (no shield)
rPois  .         Spirit   .     (no helmet)
rElec  .         Reflect  .     (no cloak)
rCorr  .         Harm     .     (no gloves)
MR     .....                    (no boots)
Stlth  ++........               (no amulet)
                                (no ring)
                                o - ring of protection from fire

@: no status effects
A: no striking features
a: no special abilities


You were on level 3 of the Dungeon.
You were hungry.

You visited 1 branch of the dungeon, and saw 3 of its levels.

You collected 142 gold pieces.

Inventory:

Armour
 a - a +0 robe (worn)
Jewellery
 o - a ring of protection from fire (left hand)
Scrolls
 d - 2 scrolls of identify
 g - 3 scrolls of remove curse {unknown}
 l - a scroll of magic mapping {unknown}
 p - a scroll of teleportation {unknown}
 s - 3 scrolls of fog {unknown}
Potions
 e - 2 potions of curing {unknown}
 f - 2 potions of mutation {unknown}
 h - a potion of beneficial mutation {unknown}
 i - a potion of invisibility {unknown}
 j - a potion of degeneration {unknown}
 k - 2 potions of lignification {unknown}
 m - a potion of berserk rage {unknown}
 n - a potion of ambrosia {unknown}
 q - a potion of haste {unknown}
Books
 b - a book of Flames

   Spells                             Type                      Level
   a - Flame Tongue                   Conjuration/Fire             1
   b - Throw Flame                    Conjuration/Fire             2
   c - Conjure Flame                  Conjuration/Fire             3
   d - Inner Flame                    Hexes/Fire                   3
   e - Sticky Flame                   Conjuration/Fire             4
   f - Fireball                       Conjuration/Fire             5
Comestibles
 c - 3 bread rations


   Skills:
 - Level 2.4 Dodging
 - Level 2.4 Stealth
 - Level 3.7 Spellcasting
 + Level 4.1 Conjurations
 + Level 4.1 Fire Magic


You had 9 spell levels left.
You knew the following spells:

 Your Spells              Type           Power        Failure   Level  Hunger
a - Flame Tongue          Conj/Fire      ###..        1%          1    None


Dungeon Overview and Level Annotations

Branches:
Dungeon (3/15)

Altars:
Uskayaw

Annotations:
D:3 Lizzreth's ghost, amateur DsCK


Message History

The kobold unwields an uncursed dagger.
The kobold wields a blowgun.
The kobold shoots a poisoned needle.
The poisoned needle hits you!
You are poisoned.
You see here a poisoned needle.
You feel sick.
You feel sick.
You feel sick.
You feel sick.
You feel sick.
You feel sick.
Lizzreth's ghost whispers, "There is no future for you."
You feel sick.
You feel sick.
You feel sick.
Lizzreth's ghost holds its blade at the ready.
You feel sick.
You feel sick.
You are no longer poisoned.
Lizzreth's ghost hits you.
You die...

....#####.# ###.#.....#
..........# ..........#
..........#
#+#.#'##########
...............#########
###.#..†####...........#
................@......#
...S#............WS....#
.##.#............w(....#
.##.#..............g...#
.#.....................#
.#.###.................#
.#. ##....(......÷.....####
.................÷.......>#
............#####.#####.#.#


You could see Lizzreth's ghost, a dart slug, a goblin and a ball python.

Vanquished Creatures
  Ijyb (D:2)
  5 adders
  A worm (D:3)
  2 dart slugs (D:2)
  2 giant cockroaches (D:2)
  7 goblins
  6 hobgoblins
  2 kobolds
  3 quokkas
  6 bats
  3 frilled lizards
  6 rats
44 creatures vanquished.

Notes
Turn   | Place    | Note
-------+----------+-------------------------------------------
     0 | D:1      | Trixie the Deep Elf Fire Elementalist began the quest for the Orb.
     0 | D:1      | Reached XP level 1. HP: 10/10 MP: 6/6
   266 | D:1      | Reached XP level 2. HP: 15/15 MP: 6/8
   745 | D:2      | Reached XP level 3. HP: 19/19 MP: 7/9
  1150 | D:2      | Noticed Ijyb
  1163 | D:2      | Killed Ijyb
  1163 | D:2      | Reached XP level 4. HP: 22/24 MP: 1/10
  1484 | D:3      | Found a hide-covered altar of Uskayaw.
  1799 | D:3      | Noticed Lizzreth's ghost (amateur DsCK)
  1853 | D:3      | Slain by Lizzreth's ghost

Skill      XL: |  1  2  3  4 |
---------------+-------------+-----
Fire Magic     | 4 |  4.1
Conjurations   | 2 3 4 |  4.1
Dodging        | |  2.4
Stealth        | |  2.4
Spellcasting   | |  3.7

Action                   |  1- 3 |  4- 6 || total
-------------------------+-------+-------++-------
 Cast: Flame Tongue      |    50 |    29 ||    79
  Use: Scroll            |     2 |       ||     2
  Eat: Chunk             |       |     2 ||     2
Armor: Robe              |     3 |       ||     3
Dodge: Dodged            |     5 |     5 ||    10
